AoeStats
← the shy

Arena

507987461Analyzed
4v4 RM · 12d ago on Sep 20, 2026· 56m 30s· 8 players
Game mode
Random Map
Map size
Large (8 player)
Population
200
Speed
Normal
Resources
Standard
Victory
Conquest
Starting age
Dark Age
Ending age
Imperial Age
RankedLock teamsTeams togetherTeam positionsShared explorationLock speedFull tech treeHidden civsTurbo modeCheats
Victory
Defeat
🇪🇸 Dravidians · Spain
1436
+13
🇨🇴 Portuguese · Colombia
1405
+14
🇨🇳 Ethiopians · China
1397
+14
🇺🇸 Persians · United States
1359
+16
🇨🇳 Huns · China
1443
-18
🇦🇷 Mongols · Argentina
1359
-14
🇹🇷 Teutons · Türkiye
1350
-14
1276
-11
License to Boom
10:26 Feudal Age
13:52 Castle Age
12:54 Double-Bit Axe
13:02 Horse Collar
14:18 Loom
21:02 Wheelbarrow
21:59 Heavy Plow
23:17 Bow Saw
26:41 Town Watch
29:34 Imperial Age
27:18 Gold Mining
28:06 Scale Barding Armor
28:12 Forging
28:44 Bloodlines
28:35 Husbandry
29:13 Chain Barding Armor
29:16 Masonry
29:53 Iron Casting
29:28 Cavalier
31:21 Plate Barding Armor
31:35 Hand Cart
31:16 Savar
33:30 Blast Furnace
33:30 Coinage
33:04 Town Patrol
37:11 Heavy Camel Rider
38:19 Caravan
37:45 Light Cavalry
39:34 Hussar
Les Choristes
11:01 Feudal Age
11:27 Loom
15:26 Castle Age
13:26 Double-Bit Axe
14:09 Horse Collar
16:47 Bow Saw
22:56 Wheelbarrow
25:20 Gold Mining
26:12 Padded Archer Armor
26:57 Gold Shaft Mining
28:57 Imperial Age
26:43 Hand Cart
26:14 Town Watch
26:13 Crossbowman
27:16 Heavy Plow
27:33 Fletching
27:59 Leather Archer Armor
27:54 Stone Mining
28:11 Bodkin Arrow
28:42 Thumb Ring
29:41 Ballistics
29:41 Bracer
31:22 Stone Shaft Mining
31:25 Ring Archer Armor
31:10 Arbalester
35:02 Chemistry
42:21 Conscription
55:48 Scale Mail Armor
55:58 Forging
56:48 Chain Mail Armor
57:08 Iron Casting
56:35 Squires
56:20 Arson
[MLTS] RKotzen
2:56 Loom
9:42 Feudal Age
10:11 Double-Bit Axe
10:07 Horse Collar
16:15 Fletching
21:45 Castle Age
20:40 Town Watch
22:58 Bow Saw
22:40 Gold Mining
36:48 Imperial Age
37:18 Wheelbarrow
39:08 Conscription
39:56 Bodkin Arrow
41:43 Chemistry
43:57 Scale Barding Armor
44:03 Forging
44:46 Cavalier
45:27 Husbandry
45:37 Bloodlines
46:26 Chain Barding Armor
46:42 Iron Casting
49:16 Plate Barding Armor
50:14 Blast Furnace
NikTheBrewer
5:18 Loom
10:20 Feudal Age
11:22 Double-Bit Axe
15:38 Castle Age
14:25 Horse Collar
16:35 Bow Saw
18:58 Wheelbarrow
19:50 Heavy Plow
19:59 Town Watch
24:39 Gold Mining
25:14 Fletching
25:50 Stone Mining
27:12 Hand Cart
27:00 Bodkin Arrow
27:40 Padded Archer Armor
31:11 Imperial Age
28:59 Leather Archer Armor
29:22 Ballistics
29:15 Fortified Wall
30:01 Husbandry
30:15 Thumb Ring
31:19 Medical Corps
32:11 Bracer
33:17 Chemistry
33:36 Conscription
33:48 Masonry
33:25 Elite Elephant Archer
34:50 Murder Holes
37:34 Hoardings
37:04 Town Patrol
37:44 Ring Archer Armor
39:10 Wootz Steel
39:27 Light Cavalry
41:27 Two-Man Saw
40:41 Scale Barding Armor
42:48 Chain Barding Armor
42:39 Forging
45:53 Bombard Tower
46:13 Iron Casting
50:00 Elite Skirmisher
52:08 Blast Furnace
52:24 Coinage
52:05 Guilds
求求了让老头吃你一分
11:03 Feudal Age
15:23 Castle Age
21:55 Horse Collar
22:44 Double-Bit Axe
24:51 Stone Mining
27:20 Wheelbarrow
27:21 Crossbowman
28:06 Thumb Ring
30:47 Imperial Age
28:03 Loom
29:16 Heavy Plow
29:30 Bow Saw
29:48 Hand Cart
29:27 Fletching
29:38 Padded Archer Armor
29:21 Crossbowman
30:06 Thumb Ring
30:26 Ballistics
30:55 Thumb Ring
31:08 Husbandry
31:05 Bodkin Arrow
32:43 Bracer
32:33 Elite Skirmisher
33:56 Leather Archer Armor
34:37 Scale Barding Armor
34:43 Forging
35:27 Conscription
36:03 Ring Archer Armor
36:54 Chemistry
37:16 Heavy Camel Rider
38:49 Chain Barding Armor
52:08 Caravan
55:37 Crop Rotation
the shy
10:47 Feudal Age
14:37 Castle Age
13:04 Double-Bit Axe
13:12 Horse Collar
16:08 Bow Saw
20:51 Wheelbarrow
22:37 Gold Mining
27:03 Imperial Age
24:48 Heavy Plow
25:43 Gold Shaft Mining
24:58 Stone Mining
25:23 Stone Mining
25:45 Scale Barding Armor
25:48 Loom
26:08 Husbandry
26:19 Bloodlines
26:41 Hand Cart
27:44 Chain Barding Armor
27:34 Forging
29:48 Plate Barding Armor
29:39 Conscription
28:41 Elite Tarkan
29:27 Marauders
31:10 Iron Casting
30:30 Town Watch
32:37 Two-Man Saw
33:36 Blast Furnace
35:11 Scale Mail Armor
35:14 Squires
34:35 Pikeman
36:13 Chain Mail Armor
38:18 Fletching
38:05 Halberdier
44:21 Ballistics
45:01 Chemistry
48:42 Light Cavalry
forever19f
6:26 Loom
9:32 Feudal Age
12:54 Fletching
22:41 Castle Age
21:15 Double-Bit Axe
21:11 Horse Collar
21:24 Horse Collar
23:07 Stone Mining
24:00 Bodkin Arrow
24:32 Bow Saw
27:21 Scale Mail Armor
27:54 Guard Tower
30:52 Wheelbarrow
36:07 Imperial Age
34:00 Ballistics
34:21 Town Watch
34:51 Hand Cart
34:48 Forging
34:58 Heavy Plow
36:22 Chain Mail Armor
37:36 Conscription
38:18 Chemistry
36:51 Pikeman
37:35 Gold Mining
38:26 Bloodlines
39:07 Crenellations
40:02 Plate Mail Armor
39:34 Cavalier
41:15 Siege Engineers
41:20 Masonry
43:18 Paladin
45:13 Scale Barding Armor
46:14 Chain Barding Armor
47:44 Plate Barding Armor
48:01 Hoardings
50:14 Iron Casting
54:06 Blast Furnace
53:36 Padded Archer Armor
53:34 Halberdier
54:15 Squires
56:11 Hoardings
55:57 Leather Archer Armor
forever666f
5:13 Loom
12:01 Feudal Age
13:08 Double-Bit Axe
15:37 Castle Age
13:51 Horse Collar
16:50 Fletching
18:10 Bow Saw
17:59 Bodkin Arrow
18:52 Padded Archer Armor
20:52 Gold Mining
25:01 Wheelbarrow
27:52 Padded Archer Armor
29:21 Leather Archer Armor
29:20 Bloodlines
31:41 Thumb Ring
36:00 Imperial Age
34:57 Ballistics
37:49 Chemistry
37:49 Bracer
38:13 Hand Cart
37:26 Capped Ram
39:23 Parthian Tactics
39:26 Husbandry
41:23 Gold Shaft Mining
40:39 Stone Mining
41:00 Elite Mangudai
45:17 Stone Shaft Mining
45:08 Conscription
45:30 Capped Ram
46:47 Siege Ram
48:18 Drill
51:02 Siege Engineers
52:55 Light Cavalry
55:34 Heavy Plow
55:40 Scale Barding Armor
55:45 Forging
Connection lost

Rejoining the realm…

Still unreachable

The connection could not be restored.

Session expired

The server has moved on; the page needs a fresh start.